Map: Dreamcatcher LE

Players

Gemini

  • Race: Protoss Protoss
  • League: Master
  • Spawn Location: 5:00

A.I. 1 (Very Easy) - Winner!

  • Race: Zerg Zerg
  • Spawn Location: 11:00

VOD

Have the link to the VOD?

Description

Time

  • Played on: Aug. 15, 2018, 2:40 a.m.
  • Length: 6:54
Show
View Real Time Build Order
Export as new Build Order

Gemini Protoss 

Build Orders: 1 Gate Expand, Oracle Opening, Phoenix Opening, Zealot Archon 

Get SALT Encoding   

  12  0:00  Probe  
  13  0:13  Probe  
  14  0:17  Pylon  
  14  0:24  Probe  
  15  0:32  Probe  
  15  0:38  Gateway  
  15  0:40  Probe  
  16  0:47  Assimilator  
  17  0:54  Probe  
  18  1:06  Probe  
  19  1:18  Probe  
  20  1:25  Nexus  
  20  1:34  Cybernetics Core  
  20  1:38  Probe  
  21  1:43  Assimilator  
  21  1:50  Probe  
  22  1:59  Pylon  
  22  2:02  Probe  
  22  2:08  Adept  
  23  2:17  Probe  
  23  2:20  Stargate  
  26  2:29  Probe  
  27  2:31  Warp Gate  
  27  2:33  Probe  
  27  2:35  Adept  
  29  2:41  Probe  
  29  2:43  Probe  
  32  2:51  Probe  
  32  2:55  Probe  
  34  2:59  Phoenix  
  34  3:04  Probe  
  35  3:07  Probe  
  38  3:13  Oracle, Pylon  
  38  3:16  Probe, Assimilator  
  40  3:20  Probe  
  43  3:28  Probe  
  43  3:32  Probe  
  45  3:36  Assimilator  
  45  3:38  Robotics Facility  
  45  3:40  Probe  
  46  3:44  Probe  
  47  3:52  Probe  
  48  3:56  Probe  
  48  4:01  Pylon  
  49  4:04  Twilight Council, Probe  
  49  4:08  Probe  
  51  4:15  Warp Prism  
  51  4:16  Gateway  
  52  4:17  Probe  
  52  4:18  Gateway  
  52  4:21  Gateway  
  54  4:33  Probe  
  54  4:34  Probe, Pylon  
  56  4:38  Zealot  
  58  4:49  Nexus  
  58  4:53  Pylon  
  59  5:00  Observer  
  59  5:03  Templar Archives  
  59  5:08  Probe  
  59  5:09  Probe  
  61  5:17  Adept x4  
  69  5:21  Pylon  
  69  5:26  Immortal  
  73  5:41  High Templar x4  
  79  5:43  Probe x2  
  79  5:45  Archon x2  
  79  5:50  Shield Battery  
  79  5:52  Gateway x2  
  80  5:58  Forge  
  79  6:05  Probe x2  
  79  6:07  Probe, Robotics Facility  
  82  6:17  Probe, Sentry x3  
  82  6:18  Probe  
  90  6:19  Probe  
  91  6:30  Probe x2  
  91  6:31  Probe  
  98  6:40  Assimilator  
  98  6:41  Assimilator  
Show
View Real Time Build Order
Export as new Build Order

A.I. 1 (Very Easy) Zerg - Winner!

Build Orders: Pool Only 

Get SALT Encoding   

  12  0:01  Drone  
  13  0:12  Overlord  
  13  0:17  Drone  
  14  0:35  Spawning Pool  
  14  0:37  Extractor  
  14  0:39  Drone  
  13  0:47  Drone  
  14  0:53  Overlord  
  14  1:22  Zergling x2  
  14  1:24  Queen  
  17  1:33  Roach Warren  
  17  1:37  Drone  
  17  1:40  Zergling x2, Extractor  
  17  1:44  Drone  
  18  1:58  Drone  
  18  1:59  Zergling x2  
  20  2:09  Drone  
  21  2:20  Drone  
  22  2:31  Drone  
  22  2:32  Overlord  
  23  2:38  Drone  
  24  2:45  Drone  
  24  4:32  Drone  
  20  4:39  Drone  
  21  4:46  Drone  
  22  4:53  Drone  
  23  5:00  Drone  
  24  5:07  Drone  
  25  5:37  Drone  
  22  5:44  Drone  
  22  5:47  Roach, Lair  
  24  5:51  Drone  
  25  5:58  Drone  
  26  6:04  Overlord  
  26  6:05  Drone  
  24  6:13  Drone  
  24  6:15  Zergling x2  
  26  6:20  Drone  
  27  6:27  Drone  
  28  6:34  Drone  
  29  6:41  Drone  
Tags
 
Add a new tag
Caveats
  • Supply blocks, unpowered buildings, or Contaminate may cause inaccurate times.
  • Supply counts are checked every 10 seconds.